MLB
LOS ANGELES ANGELS @ TEXAS RANGERS
03/13/2110
 
TOP OF THE 1ST
Los Angeles Angels batting - Pitching for Texas Rangers : RHP Nick Jenkins
Pitching: RHP Nick Jenkins
Batting: LHB Tom Monroe 0-0: Ground out 4-3 (Groundball, 3D, EV 105.6 MPH)
Batting: RHB Tadashi Kawahara 0-0: Ball
1-0: Ball
2-0: Called Strike
2-1: Fly out, F9 (Flyball, 89D, EV 109.4 MPH)
Batting: RHB Ben Abbott 0-0: Called Strike
0-1: Called Strike
0-2: Ball
1-2: Fly out, F6 (Popup, 6M, EV 71.9 MPH)
Top of the 1st over - 0 runs, 0 hits, 0 errors, 0 left on base; Los Angeles 0 - Texas 0
BOTTOM OF THE 1ST
Texas Rangers batting - Pitching for Los Angeles Angels : LHP John Larson
Pitching: LHP John Larson
Batting: RHB Brock Guertin 0-0: Ball
1-0: Called Strike
1-1: Swinging Strike
1-2: TRIPLE (Line Drive, 89XD, EV 100.6 MPH)
Batting: LHB Shane Trahan 0-0: Ball
1-0: Called Strike
1-1: Fly out, F5 (Popup, 5SF, EV 74.4 MPH)
Batting: RHB Chiaki Koike 0-0: Fly out, F8 (Flyball, 8RXD, EV 93.8 MPH)
Runner from 3rd tags up, SCORES, no throw by CF
Batting: RHB John Parry 0-0: Foul Ball, location: 7LMF
0-1: Ground out 6-3 (Groundball, 6, EV 88.1 MPH)
Bottom of the 1st over - 1 run, 1 hit, 0 errors, 0 left on base; Los Angeles 0 - Texas 1
TOP OF THE 2ND
Los Angeles Angels batting - Pitching for Texas Rangers : RHP Nick Jenkins
Batting: RHB Scott Hoagland 0-0: Ball
1-0: Called Strike
1-1: Ball
2-1: DOUBLE (Flyball, 8RXD, EV 97.5 MPH)
Batting: RHB Bryan Clair 0-0: Foul Ball, location: 2F
0-1: Foul Ball, location: 5FF
0-2: Fly out, F9 (Flyball, 9LM, EV 86.9 MPH)
Batting: LHB Ed Miller 0-0: Called Strike
0-1: Ball
1-1: Called Strike
1-2: Ball
2-2: Foul Ball, location: 2F
2-2: Ball
3-2: SINGLE (Groundball, 4MD, EV 94.4 MPH)
Scott Hoagland to third
Batting: RHB Randy Zito 0-0: Ball
1-0: Ball
2-0: Fly out, F7 (Flyball, 7D, EV 110.6 MPH)
Runner from 3rd tags up, SCORES, no throw by LF
Batting: LHB David Shank 0-0: Ball
1-0: Called Strike
1-1: Foul Ball, location: 23F
1-2: Ball
Ed Miller is caught stealing 2nd base 2-6
Top of the 2nd over - 1 run, 2 hits, 0 errors, 0 left on base; Los Angeles 1 - Texas 1
BOTTOM OF THE 2ND
Texas Rangers batting - Pitching for Los Angeles Angels : LHP John Larson
Batting: SHB Scott Pabian 0-0: Called Strike
0-1: Foul Ball, location: 2F
0-2: Ball
1-2: Foul Ball, location: 3F
1-2: Ground out 4-3 (Groundball, 4, EV 101.3 MPH)
Batting: LHB Ben Durtschi 0-0: Called Strike
0-1: Called Strike
0-2: Foul Ball, location: 3FF
0-2: Foul Ball, location: 3FF
0-2: Ball
1-2: Ball
2-2: Strikes out swinging
Batting: LHB Billy Thompson 0-0: Foul Ball, location: 2F
0-1: Ball
1-1: Ball
2-1: Ground out U3 (Groundball, 3, EV 79.4 MPH)
Bottom of the 2nd over - 0 runs, 0 hits, 0 errors, 0 left on base; Los Angeles 1 - Texas 1
TOP OF THE 3RD
Los Angeles Angels batting - Pitching for Texas Rangers : RHP Nick Jenkins
Batting: LHB David Shank 0-0: Ball
1-0: Called Strike
1-1: Foul Ball, location: 2F
1-2: Strikes out swinging
Batting: RHB William Landeros 0-0: Ball
1-0: Ball
2-0: Ground out 4-3 (Groundball, 4M, EV 109.4 MPH)
Batting: LHB Tom Monroe 0-0: Called Strike
0-1: SINGLE (Groundball, 34D, EV 100.6 MPH)
Batting: RHB Tadashi Kawahara 0-0: Ball
Wild Pitch!
Tom Monroe to second
1-0: Ball
2-0: Ball
3-0: Called Strike
3-1: SINGLE (Line Drive, 78S, EV 98.1 MPH)
Tom Monroe to third
Runner from 3rd tries for Home, SAFE, throw by LF to home
Pitching: RHP Josh Payne
Batting: RHB Ben Abbott 0-0: Foul Ball, location: 9LDF
0-1: Called Strike
0-2: 2-RUN HOME RUN (Flyball, 7LD, EV 96.9 MPH), Distance : 366 ft
Batting: RHB Scott Hoagland 0-0: Ball
1-0: SINGLE (Groundball, 34D, EV 103.8 MPH)
Batting: RHB Bryan Clair 0-0: Ball
1-0: Called Strike
1-1: Called Strike
1-2: Foul Ball, location: 2F
1-2: SINGLE (Line Drive, 7S, EV 93.8 MPH)
Scott Hoagland to second
Scott Hoagland to third
Batting: LHB Ed Miller 0-0: Ball
1-0: Fly out, F7 (Flyball, 7S, EV 92.5 MPH)
Top of the 3rd over - 3 runs, 5 hits, 0 errors, 2 left on base; Los Angeles 4 - Texas 1
BOTTOM OF THE 3RD
Texas Rangers batting - Pitching for Los Angeles Angels : LHP John Larson
Batting: RHB Sal Sandoval 0-0: Called Strike
0-1: Swinging Strike
0-2: Strikes out swinging
Batting: SHB Edwin Arroyo 0-0: Called Strike
0-1: Ball
1-1: Fly out, F8 (Flyball, 8RM, EV 90.6 MPH)
Batting: RHB Brock Guertin 0-0: Ball
1-0: Swinging Strike
1-1: Ball
2-1: Ball
3-1: Foul Ball, location: 2F
3-2: Strikes out swinging
Bottom of the 3rd over - 0 runs, 0 hits, 0 errors, 0 left on base; Los Angeles 4 - Texas 1
TOP OF THE 4TH
Los Angeles Angels batting - Pitching for Texas Rangers : RHP Josh Payne
Pitching: LHP Montes Galli
Batting: RHB Randy Zito 0-0: Called Strike
0-1: Ball
1-1: Ball
2-1: Ball
3-1: Swinging Strike
3-2: Base on Balls
Batting: LHB David Shank 0-0: Called Strike
0-1: Ball
Wild Pitch!
Randy Zito to second
1-1: Ball
2-1: Ball
3-1: Foul Ball, location: 7LMFF
3-2: Foul Ball, location: 2F
3-2: Foul Ball, location: 3FF
3-2: Foul Ball, location: 3DF
3-2: Ground out 4-3 (Groundball, 4, EV 84.4 MPH)
Randy Zito to third
Batting: RHB William Landeros 0-0: Called Strike
0-1: SINGLE (Line Drive, 3D, EV 95.0 MPH)
Randy Zito scores
Batting: LHB Tom Monroe 0-0: Ball
1-0: Foul Ball, location: 7LSF
1-1: Ball
2-1: Fly out, F5 (Popup, 15, EV 83.1 MPH)
Pinch Hitting: RHB Kenneth Cluett 0-0: Fly out, F7 (Flyball, 78M, EV 80.6 MPH)
Top of the 4th over - 1 run, 1 hit, 0 errors, 1 left on base; Los Angeles 5 - Texas 1
BOTTOM OF THE 4TH
Texas Rangers batting - Pitching for Los Angeles Angels : LHP John Larson
Now in LF: Kenneth Cluett
Batting: LHB Shane Trahan 0-0: Ground out 4-3 (Groundball, 4, EV 105.0 MPH)
Pitching: RHP Chris Bateman
Batting: RHB Chiaki Koike 0-0: Called Strike
0-1: Ball
1-1: Ball
2-1: SINGLE (Line Drive, 9S, EV 105.6 MPH)
Batting: RHB John Parry 0-0: Ball
1-0: SINGLE (Line Drive, 8RS, EV 106.9 MPH)
Chiaki Koike to second
Runner from 2nd tries for 3rd, SAFE, throw by CF made to third
Batting: SHB Scott Pabian 0-0: Foul Ball, location: 2F
0-1: Ball
1-1: DOUBLE (Line Drive, 7LS, EV 97.5 MPH)
Chiaki Koike scores
John Parry to third
Pitching: RHP Matt Yaryan
Batting: LHB Ben Durtschi 0-0: Ball
1-0: Ball
2-0: Ground out 4-3 (Groundball, 4, EV 90.6 MPH)
John Parry scores
Scott Pabian to third
Batting: LHB Billy Thompson 0-0: Ball
1-0: Ball
2-0: Foul Ball, location: 3F
2-1: Foul Ball, location: 2F
2-2: Ball
3-2: Foul Ball, location: 7LDF
3-2: Base on Balls
Batting: RHB Sal Sandoval 0-0: Ground out 6-3 (Groundball, 6D, EV 103.8 MPH)
Bottom of the 4th over - 2 runs, 3 hits, 0 errors, 2 left on base; Los Angeles 5 - Texas 3
TOP OF THE 5TH
Los Angeles Angels batting - Pitching for Texas Rangers : LHP Montes Galli
Pitching: LHP Keith Strickland
Now in LF: Nate Montanye
Pinch Hitting: RHB Gary Dennis 0-0: Ball
1-0: Ball
2-0: Called Strike
2-1: Foul Ball, location: 9LSF
2-2: Ball
3-2: Ground out 6-3 (Groundball, 6M, EV 84.4 MPH)
Batting: RHB Scott Hoagland 0-0: Called Strike
0-1: Foul Ball, location: 2F
0-2: Strikes out looking
Pinch Hitting: RHB Sergio Torres 0-0: Ground out U3 (Groundball, 3S, EV 86.9 MPH)
Top of the 5th over - 0 runs, 0 hits, 0 errors, 0 left on base; Los Angeles 5 - Texas 3
BOTTOM OF THE 5TH
Texas Rangers batting - Pitching for Los Angeles Angels : RHP Matt Yaryan
Now at 1B: Sergio Torres
Now at 2B: David Elson
Now at SS: Randy Zito
Batting: SHB Edwin Arroyo 0-0: Called Strike
0-1: Ball
1-1: Called Strike
1-2: Strikes out swinging
Pinch Hitting: RHB Justin Kerby 0-0: Ball
1-0: Ball
2-0: Foul Ball, location: 2F
2-1: Fly out, F1 (Line Drive, P, EV 69.4 MPH)
Batting: LHB Shane Trahan 0-0: Called Strike
0-1: Ball
1-1: Foul Ball, location: 25F
1-2: Foul Ball, location: 2F
1-2: Strikes out looking
Bottom of the 5th over - 0 runs, 0 hits, 0 errors, 0 left on base; Los Angeles 5 - Texas 3
TOP OF THE 6TH
Los Angeles Angels batting - Pitching for Texas Rangers : LHP Keith Strickland
Pitching: RHP Mike Poole
Now at 2B: Justin Kerby
Now in CF: Antonio Gonzalez
Pinch Hitting: RHB Steve Rasmussen 0-0: Ball
1-0: Called Strike
1-1: Ball
2-1: Ball
3-1: Base on Balls
Pinch Hitting: RHB Matt Paccione 0-0: Ball
1-0: Grounds into double play, 6-4-3 (Groundball, 6, EV 100.0 MPH)
Pinch Hitting: RHB Harrison Maldrum 0-0: Ball
1-0: Called Strike
1-1: Called Strike
1-2: Ball
2-2: Ground out 6-3 (Groundball, 6, EV 80.6 MPH)
Top of the 6th over - 0 runs, 0 hits, 0 errors, 0 left on base; Los Angeles 5 - Texas 3
BOTTOM OF THE 6TH
Texas Rangers batting - Pitching for Los Angeles Angels : RHP Matt Yaryan
Now at 1B: Alex Villarreal
Now at 3B: Sergio Torres
Now at SS: Matt Paccione
Now in CF: Harrison Maldrum
Now in RF: Steve Rasmussen
Batting: RHB Chiaki Koike 0-0: Ball
1-0: DOUBLE (Groundball, 5L, EV 105.6 MPH)
Pinch Hitting: RHB Jules Roberts 0-0: Called Strike
0-1: Ball
1-1: Fly out, F9 (Line Drive, 9, EV 110.0 MPH)
Pinch Hitting: RHB Danny Rivera 0-0: Ball
1-0: Foul Ball, location: 23FF
1-1: Ball
2-1: DOUBLE (Line Drive, 7LS, EV 105.0 MPH)
Chiaki Koike scores
Batting: RHB Felipe Fernandez 0-0: Ball
1-0: Foul Ball, location: 3F
1-1: Swinging Strike
1-2: Strikes out swinging
Batting: RHB Nate Montanye 0-0: Called Strike
0-1: Foul Ball, location: 25FF
0-2: Ball
1-2: Ball
2-2: Ball
3-2: Fly out, F9 (Line Drive, 9S, EV 94.4 MPH)
Bottom of the 6th over - 1 run, 2 hits, 0 errors, 1 left on base; Los Angeles 5 - Texas 4
TOP OF THE 7TH
Los Angeles Angels batting - Pitching for Texas Rangers : RHP Mike Poole
Pitching: RHP Kelan Purcell
Now at 1B: Jules Roberts
Now at 3B: Danny Rivera
Now in LF: Justin Acheson
Now in RF: Nate Montanye
Batting: RHB William Landeros 0-0: Ball
1-0: Ground out 4-3 (Groundball, 4, EV 106.9 MPH)
Batting: RHB Sergio Mendez 0-0: Ball
1-0: Swinging Strike
1-1: Fly out, F5 (Popup, 5SF, EV 78.8 MPH)
Batting: RHB Kenneth Cluett 0-0: Ball
1-0: Ball
2-0: Ball
3-0: Called Strike
3-1: Swinging Strike
3-2: Base on Balls
Batting: RHB David Elson 0-0: Ball
1-0: Foul Ball, location: 2F
1-1: Called Strike
1-2: DOUBLE (Flyball, 8LXD, EV 100.6 MPH)
Kenneth Cluett to third
Runner from 3rd tries for Home, SAFE, no throw by CF
Batting: RHB Alex Villarreal 0-0: Ball
1-0: Ball
2-0: Ball
3-0: Called Strike
3-1: Foul Ball, location: 2F
3-2: Strikes out swinging
Top of the 7th over - 1 run, 1 hit, 0 errors, 1 left on base; Los Angeles 6 - Texas 4
BOTTOM OF THE 7TH
Texas Rangers batting - Pitching for Los Angeles Angels : RHP Matt Yaryan
Pitching: RHP Darius Frederick
Batting: RHB Antonio Gonzalez 0-0: Ball
1-0: Called Strike
1-1: Foul Ball, location: 9LMF
1-2: Strikes out looking
Batting: SHB Edwin Arroyo 0-0: Ball
1-0: Called Strike
1-1: Fly out, F9 (Line Drive, 9LM, EV 105.0 MPH)
Batting: RHB Justin Kerby 0-0: Ground out 6-3 (Groundball, 6M, EV 111.3 MPH)
Bottom of the 7th over - 0 runs, 0 hits, 0 errors, 0 left on base; Los Angeles 6 - Texas 4
TOP OF THE 8TH
Los Angeles Angels batting - Pitching for Texas Rangers : RHP Kelan Purcell
Pitching: RHP Salvatore Ayala
Batting: RHB Sergio Torres 0-0: Ball
1-0: Called Strike
1-1: TRIPLE (Line Drive, 89XD, EV 100.0 MPH)
Batting: RHB Steve Rasmussen 0-0: Hit by Pitch
Batting: RHB Matt Paccione 0-0: Ball
1-0: Ball
2-0: Fly out, F9 (Flyball, 9, EV 79.4 MPH)
Runner from 3rd tags up, SCORES, throw by RF
Batting: RHB Harrison Maldrum 0-0: Foul Ball, location: 2F
0-1: Ball
1-1: Ball
2-1: Foul Ball, location: 2F
2-2: Foul Ball, location: 2RF
2-2: Strikes out swinging
Batting: RHB William Landeros 0-0: SINGLE (Line Drive, 7LS, EV 88.1 MPH)
Steve Rasmussen to second
Batting: RHB Sergio Mendez 0-0: Called Strike
0-1: Called Strike
0-2: Ball
1-2: Ball
2-2: Fly out, F9 (Flyball, 9, EV 91.3 MPH)
Top of the 8th over - 1 run, 2 hits, 0 errors, 2 left on base; Los Angeles 7 - Texas 4
BOTTOM OF THE 8TH
Texas Rangers batting - Pitching for Los Angeles Angels : RHP Darius Frederick
Pitching: RHP Tsuyoshi Higashi
Now at 1B: Kenneth Cluett
Now in LF: Frank Vargas
Batting: LHB Justin Acheson 0-0: Ball
1-0: Foul Ball, location: 25FF
1-1: SINGLE (Line Drive, 9S, EV 98.1 MPH)
Batting: RHB Chiaki Koike 0-0: Called Strike
0-1: Foul Ball, location: 3DF
0-2: SINGLE (Line Drive, 7S, EV 93.8 MPH)
Justin Acheson to second
Batting: RHB Jules Roberts 0-0: Ball
1-0: Ball
2-0: Ball
3-0: Called Strike
3-1: Called Strike
3-2: Strikes out swinging
Batting: RHB Danny Rivera 0-0: Ball
1-0: Ball
2-0: Fly out, F7 (Flyball, 7, EV 79.4 MPH)
Batting: RHB Felipe Fernandez 0-0: Ball
1-0: SINGLE (Flyball, 89S, EV 95.0 MPH)
Justin Acheson to third
Chiaki Koike to second
Runner from 3rd tries for Home, SAFE, throw by RF to home
Batting: RHB Nate Montanye 0-0: Called Strike
0-1: Foul Ball, location: 2F
0-2: Foul Ball, location: 2F
0-2: Strikes out swinging
Bottom of the 8th over - 1 run, 3 hits, 0 errors, 2 left on base; Los Angeles 7 - Texas 5
TOP OF THE 9TH
Los Angeles Angels batting - Pitching for Texas Rangers : RHP Salvatore Ayala
Pitching: RHP Aaron Jackson
Pinch Hitting: RHB Matt Barnes 0-0: Called Strike
0-1: Foul Ball, location: 23F
0-2: Strikes out swinging
Batting: RHB David Elson 0-0: Ball
1-0: Called Strike
1-1: Ball
2-1: Foul Ball, location: 2F
2-2: Foul Ball, location: 7LDF
2-2: Ball
3-2: Base on Balls
Batting: RHB Frank Vargas 0-0: Ball
1-0: Fly out, F7 (Line Drive, 7, EV 100.6 MPH)
Batting: RHB Sergio Torres 0-0: Ball
1-0: Ball
2-0: Swinging Strike
2-1: DOUBLE (Flyball, 7LD, EV 101.3 MPH)
David Elson to third
Pinch Hitting: RHB Rafael Cabrera 0-0: Ball
1-0: Ground out U3 (Groundball, 3, EV 85.0 MPH)
Top of the 9th over - 0 runs, 1 hit, 0 errors, 2 left on base; Los Angeles 7 - Texas 5
BOTTOM OF THE 9TH
Texas Rangers batting - Pitching for Los Angeles Angels : RHP Tsuyoshi Higashi
Pitching: RHP Tony Sanchez
Now at 1B: Matt Barnes
Now in RF: Rafael Cabrera
Batting: RHB Antonio Gonzalez 0-0: Foul Ball, location: 5F
0-1: Fly out, F8 (Flyball, 78D, EV 98.8 MPH)
Batting: SHB Edwin Arroyo 0-0: Called Strike
0-1: Ball
1-1: Ball
2-1: Called Strike
2-2: Fly out, F7 (Flyball, 7D, EV 108.8 MPH)
Batting: RHB Justin Kerby 0-0: Ball
1-0: Ball
2-0: Ball
3-0: Base on Balls
Batting: LHB Justin Acheson 0-0: Fly out, F6 (Popup, 6D, EV 35.6 MPH)
Bottom of the 9th over - 0 runs, 0 hits, 0 errors, 1 left on base; Los Angeles 7 - Texas 5
Friday, May 23rd , 2025 - OOTP Baseball 26.3 Build 55